Map: [ESL] Tropical Sacrifice

Players

ShaDoWn

  • Race: Protoss Protoss
  • Spawn Location: 1:00

HeroMarine - Winner!

  • Race: Terran Terran
  • Spawn Location: 7:00

Event: DreamHack SC2 Masters 2022 Valencia

VOD

Have the link to the VOD?

Description

Time

  • Played on: July 1, 2022, 1:04 p.m.
  • Length: 10:13

All games in this series

Show
View Real Time Build Order
Export as new Build Order

ShaDoWn Protoss 

Build Orders: 1 Gate Expand, Oracle Opening 

Get SALT Encoding   

  12  0:01  Probe  
  13  0:13  Probe  
  14  0:18  Pylon  
  14  0:25  Probe  
  15  0:30  Assimilator  
  15  0:37  Probe (Chrono Boost)  
  16  0:44  Gateway  
  16  0:47  Probe (Chrono Boost)  
  17  0:52  Probe  
  18  1:05  Probe  
  19  1:17  Probe  
  20  1:23  Nexus  
  20  1:33  Cybernetics Core  
  20  1:36  Probe  
  21  1:42  Assimilator  
  21  1:48  Probe  
  21  1:52  Pylon  
  22  1:58  Pylon  
  22  2:01  Probe  
  22  2:07  Adept (Chrono Boost)  
  23  2:14  Probe  
  26  2:22  Stargate  
  26  2:26  Probe  
  27  2:32  Adept  
  27  2:36  Probe (Chrono Boost)  
  30  2:38  Probe (Chrono Boost)  
  30  2:43  Warp Gate  
  31  2:48  Probe (Chrono Boost)  
  31  2:50  Probe (Chrono Boost)  
  32  2:53  Probe (Chrono Boost)  
  32  2:55  Probe  
  34  3:02  Probe  
  34  3:05  Oracle (Chrono Boost)  
  35  3:07  Probe  
  39  3:14  Probe  
  39  3:19  Probe  
  41  3:26  Probe  
  41  3:31  Probe  
  41  3:32  Oracle (Chrono Boost)  
  41  3:39  Probe  
  45  3:43  Probe  
  45  3:44  Gateway  
  46  3:51  Probe  
  47  3:56  Probe  
  48  4:03  Probe  
  48  4:07  Nexus  
  48  4:08  Phoenix, Probe  
  50  4:15  Probe  
  51  4:20  Probe  
  52  4:27  Probe  
  52  4:28  Pylon  
  50  4:32  Probe  
  50  4:35  Twilight Council, Forge  
  50  4:37  Gateway  
  51  4:40  Sentry  
  51  4:42  Probe  
  54  4:46  Pylon, Probe  
  54  4:51  Stalker, Pylon  
  57  4:54  Probe  
  58  5:00  Pylon  
  58  5:03  Stalker  
  58  5:05  Probe  
  61  5:09  Probe  
  61  5:12  Pylon  
  62  5:15  Assimilator  
  62  5:16  Assimilator  
  62  5:17  Probe, Blink (Chrono Boost)  
  62  5:18  Stalker  
  66  5:21  Probe  
  66  5:24  Probe  
  66  5:25  Shield Battery  
  65  5:31  Probe  
  65  5:35  Stalker  
  68  5:36  Probe  
  69  5:44  Stalker, Probe  
  69  5:46  Stalker  
  68  5:58  Probe (Chrono Boost)  
  68  5:59  Stalker  
  68  6:00  Probe (Chrono Boost)  
  68  6:01  Protoss Ground Weapons Level 1 (Chrono Boost)  
  68  6:02  Probe (Chrono Boost)  
  73  6:10  Probe (Chrono Boost)  
  68  6:13  Probe (Chrono Boost), Assimilator x2  
  68  6:14  Probe (Chrono Boost)  
  68  6:18  Probe (Chrono Boost)  
  71  6:19  Probe x2 (Chrono Boost)  
  71  6:21  Gateway x2  
  71  6:23  Gateway  
  71  6:24  Probe  
  73  6:27  Probe  
  73  6:28  Probe  
  76  6:36  Probe  
  76  6:38  Stalker x3  
  76  6:39  Probe  
  84  6:40  Probe  
  84  6:46  Nexus  
  85  6:49  Pylon  
  85  6:55  Templar Archives  
  85  6:57  Charge, Robotics Facility  
  85  6:59  Probe  
  86  7:13  Probe x3  
  86  7:15  Pylon  
  89  7:22  Psionic Storm  
  89  7:25  Probe x3  
  89  7:28  Gateway  
  92  7:30  Forge, Gateway  
  92  7:32  Pylon  
  92  7:33  High Templar x2  
  92  7:36  Zealot x2  
  99  7:37  Probe x2  
  99  7:38  Probe  
  99  7:42  Photon Cannon  
  102  7:46  High Templar x2  
  102  7:49  Probe  
  104  7:53  Probe  
  104  7:54  Probe  
  104  7:56  Warp Prism  
  106  7:58  High Templar  
  106  8:04  Zealot  
  112  8:05  Zealot x2  
  114  8:17  Photon Cannon  
  114  8:25  Zealot x3  
  120  8:27  Observer  
  120  8:31  Pylon  
  113  8:37  Zealot x4  
  113  8:38  Zealot  
  120  8:43  Pylon  
  99  8:58  Probe, Zealot x5  
  99  8:59  Zealot x3  
  84  9:18  Nexus  
  84  9:21  High Templar x4  
  84  9:22  Zealot  
  94  9:25  Zealot  
  94  9:27  Archon x2  
  96  9:32  Zealot x2  
  98  10:01  Zealot x5  
  98  10:02  Zealot x3  
Show
View Real Time Build Order
Export as new Build Order

HeroMarine Terran - Winner!

Build Orders: Gas First Reaper Expand 

Get SALT Encoding   

  12  0:00  SCV  
  13  0:12  SCV  
  14  0:17  Supply Depot  
  14  0:24  SCV  
  15  0:29  Refinery  
  15  0:38  SCV  
  16  0:45  Barracks  
  16  0:51  SCV  
  17  1:03  SCV  
  18  1:15  SCV  
  19  1:32  Orbital Command, Reaper  
  20  1:43  Command Center  
  20  1:56  Factory  
  20  1:57  SCV  
  21  2:03  Refinery  
  21  2:06  Barracks Reactor  
  21  2:11  SCV  
  21  2:15  Supply Depot  
  22  2:23  SCV  
  23  2:36  SCV  
  24  2:39  Hellion  
  24  2:40  Starport  
  24  2:42  Marine  
  24  2:43  Marine  
  28  2:48  SCV  
  29  2:55  Orbital Command  
  29  3:00  SCV  
  29  3:03  Widow Mine  
  32  3:06  Marine  
  32  3:09  Marine  
  34  3:13  SCV  
  34  3:15  Orbital Command  
  34  3:17  Medivac  
  37  3:25  SCV  
  38  3:31  Marine x2  
  38  3:32  Factory Tech Lab  
  39  3:37  SCV  
  39  3:41  SCV, Supply Depot  
  39  3:49  SCV, Marine x2  
  39  3:53  SCV, Cyclone  
  45  4:01  SCV  
  44  4:04  Viking  
  46  4:14  SCV, Marine x2  
  46  4:16  Supply Depot  
  48  4:20  SCV  
  45  4:26  SCV  
  46  4:32  SCV  
  46  4:34  Cyclone  
  46  4:38  SCV  
  51  4:39  Marine  
  51  4:40  Marine  
  51  4:41  Starport Tech Lab  
  51  4:44  SCV  
  54  4:50  SCV  
  55  4:55  Barracks  
  55  4:56  SCV  
  55  4:59  Marine x2  
  58  5:02  SCV  
  59  5:08  Raven, SCV  
  61  5:14  SCV  
  61  5:16  Barracks  
  62  5:26  Supply Depot  
  62  5:32  SCV x2, Siege Tank, Marine  
  62  5:34  Marine  
  69  5:42  Engineering Bay, Refinery  
  67  5:44  SCV x2  
  69  5:50  Marine  
  69  5:56  SCV x2  
  68  5:58  Marine  
  68  6:02  Command Center  
  63  6:06  Starport Reactor  
  63  6:07  Stimpack  
  63  6:08  Marine, Marauder  
  63  6:09  SCV x2  
  61  6:15  Terran Infantry Weapons Level 1  
  61  6:16  Combat Shield  
  61  6:20  Marauder  
  61  6:21  SCV x2, Factory Reactor  
  65  6:26  Refinery, Marine x2  
  67  6:33  SCV  
  67  6:37  Barracks  
  67  6:38  Barracks, SCV  
  69  6:41  Marauder  
  69  6:45  SCV  
  69  6:46  Marine  
  69  6:47  Marine, Marauder  
  75  6:50  SCV  
  77  6:56  Supply Depot  
  77  6:57  SCV, Supply Depot  
  77  7:00  Supply Depot  
  78  7:13  Medivac x2  
  78  7:14  Orbital Command, SCV x2, Widow Mine x2  
  88  7:19  Marine, Marauder x2  
  88  7:22  Marine  
  94  7:24  Barracks Reactor  
  94  7:25  Barracks Tech Lab  
  94  7:28  SCV x2  
  96  7:35  Concussive Shells, Widow Mine x2  
  100  7:38  Orbital Command  
  100  7:39  Marine x2  
  100  7:40  Marauder x2  
  106  7:46  SCV x2  
  106  7:50  Marauder  
  109  7:58  SCV x2  
  109  7:59  Medivac, Widow Mine x2  
  109  8:04  Supply Depot, Medivac, Marauder  
  109  8:05  Supply Depot  
  121  8:11  Marauder x2  
  125  8:26  SCV x3, Marine x4  
  132  8:27  Marauder  
  132  8:32  Marauder  
  136  8:36  Marauder  
  136  8:38  SCV x3  
  141  8:46  Marine x2  
  141  8:47  Marine  
  140  8:49  Marine  
  140  8:50  SCV  
  140  8:51  SCV  
  140  8:52  SCV  
  140  8:53  Marauder  
  140  8:55  Marauder  
  140  8:58  Marauder  
  140  8:59  Refinery x2  
  140  9:01  Ghost Academy  
  139  9:02  Armory  
  139  9:03  Marine  
  139  9:04  Marine  
  139  9:05  Marine  
  139  9:06  Marine  
  139  9:13  Missile Turret  
  139  9:14  Marauder, Widow Mine x2  
  139  9:15  Medivac  
  139  9:16  Engineering Bay, Medivac, Marauder  
  143  9:19  Marauder  
  143  9:21  Marine  
  143  9:22  Marine  
  143  9:23  Marine  
  148  9:24  Marine  
  149  9:33  Command Center  
  149  9:40  Supply Depot, Sensor Tower  
  149  9:51  Missile Turret  
  149  9:52  SCV, Marine x3, Marauder x2  
  157  9:57  SCV x2  

Tags
 
Add a new tag
Caveats
  • Supply blocks, unpowered buildings, or Contaminate may cause inaccurate times.
  • Supply counts are checked every 10 seconds.